 Dungeon Crawl Stone Soup version 0.20.1-1-g8b1a95d (webtiles) character file.

198 manyhoops the Gusty (level 5, -1/38 HPs)
             Began as a Demigod Air Elementalist on Aug 20, 2017.
             Killed by divine providence
             ... invoked by an orc priest
              (14 damage)
             ... on level 4 of the Dungeon.
             The game lasted 00:05:05 (2904 turns).

manyhoops the Gusty (Demigod Air Elementalist)      Turns: 2904, Time: 00:05:05

Health: -1/38      AC:  2    Str: 16    XL:     5   Next: 23%
Magic:  9/12       EV: 18    Int: 21    God:
Gold:   215        SH:  0    Dex: 21    Spells: 4/10 levels left

rFire    . . .     SeeInvis .   e - +0 mace
rCold    . . .     Gourm    .   (no shield)
rNeg     . . .     Faith    .   a - +0 robe
rPois    .         Spirit   .   (no helmet)
rElec    .         Reflect  .   (no cloak)
rCorr    +         Harm     .   (no gloves)
MR       .....                  (no boots)
Stlth    +++.......             (no amulet)
Regen    0.2/turn               i - ring of resist corrosion
MPRegen  0.2/turn               (no ring)

@: mighty, agile
A: high mp 1
a: no special abilities


You were on level 4 of the Dungeon.
You were not hungry.

You visited 1 branch of the dungeon, and saw 4 of its levels.

You collected 215 gold pieces.

Inventory:

Hand Weapons
 e - a +0 mace (weapon)
Missiles
 q - a throwing net (quivered)
Armour
 a - a +0 robe (worn)
Jewellery
 i - a ring of resist corrosion (left hand)
Scrolls
 d - a scroll of identify
 h - a scroll of remove curse
 j - a scroll of recharging
 o - a scroll of enchant armour
Potions
 f - a potion of flight
Books
 b - a book of Air

   Spells                             Type                      Level
   a - Shock                          Conjuration/Air              1
   b - Swiftness                      Charms/Air                   2
   c - Static Discharge               Conjuration/Air              3
   d - Airstrike                      Air                          4
   e - Lightning Bolt                 Conjuration/Air              5
Comestibles
 c - 2 bread rations
 p - a meat ration


   Skills:
 - Level 1.0 Maces & Flails
 - Level 1.7 Dodging
 - Level 1.7 Stealth
 + Level 3.0 Spellcasting
 + Level 2.6 Conjurations
 + Level 3.9 Air Magic


You had 4 spell levels left.
You knew the following spells:

 Your Spells              Type           Power        Failure   Level  Hunger
a - Shock                 Conj/Air       ###.         3%          1    None
b - Swiftness             Chrm/Air       ##......     9%          2    ##.....
c - Static Discharge      Conj/Air       ###.....     11%         3    ###....


Dungeon Overview and Level Annotations

Branches:
Dungeon (4/15)
 Temple: D:4-7


Innate Abilities, Weirdness & Mutations

You have an increased reservoir of magic. (+10% MP)


Message History

You start memorising the spell.
You continue memorising.
The orc hits you with a falchion of slicing.
Your memorisation is interrupted.
This spell is quite dangerous to cast!
Memorise Airstrike, consuming 4 spell levels and leaving 0?
The orc barely misses you.
You start memorising the spell.
You continue memorising.
The orc closely misses you.
You continue memorising.
The orc barely misses you.
You continue memorising.
The orc barely misses you.
You continue memorising.
The orc hits you with a falchion of slicing.
Your memorisation is interrupted.
This spell is quite dangerous to cast!
Memorise Airstrike, consuming 4 spell levels and leaving 0?
The orc priest calls down the wrath of Beogh upon you.
Beogh smites you!
Your memorisation is interrupted.
You die...

.....>.......# #.#
#####........# #.#
....#.#......#.#
...#.#.######.#.#
.....#.# .#.# ...#o#..
#.# ....## #.# ### ###
#o# #.. #.# #@# #o#
### #.# #o#
#.############
#.###o###o............
#....)..).############
#####.....# #<#
####### #.. ###


You could see an orc priest (inner flame) and an orc (inner flame).

Vanquished Creatures
  A howler monkey (D:4)
  An orc priest (D:4)
  The ghost of Enish the Digger, a weakling OpEE (D:3)
  3 gnolls (D:4)
  4 adders
  2 dart slugs
  4 orcs
  5 goblins
  5 hobgoblins
  6 jackals
  8 kobolds
  3 bats
  A frilled lizard (D:1)
  7 rats
51 creatures vanquished.

Notes
Turn   | Place    | Note
-------+----------+-------------------------------------------
     0 | D:1      | manyhoops the Demigod Air Elementalist began the quest for the Orb.
     0 | D:1      | Reached XP level 1. HP: 14/14 MP: 5/5
   248 | D:1      | Reached skill level 1 in Conjurations
   470 | D:1      | Reached XP level 2. HP: 8/20 MP: 1/7
  1178 | D:2      | Reached XP level 3. HP: 26/26 MP: 0/9
  1418 | D:2      | Found a basalt altar of Yredelemnul.
  1510 | D:2      | Found a shimmering altar of Xom.
  1598 | D:3      | Noticed Enish's ghost (weakling OpEE)
  1604 | D:3      | Killed Enish's ghost
  1806 | D:3      | Learned a level 2 spell: Swiftness
  1810 | D:3      | Learned a level 3 spell: Static Discharge
  2144 | D:3      | Reached skill level 1 in Maces & Flails
  2145 | D:3      | Reached XP level 4. HP: 25/33 MP: 0/10
  2308 | D:3      | Found a shadowy altar of Dithmenos.
  2344 | D:3      | Noticed an ogre
  2726 | D:4      | Reached XP level 5. HP: 36/38 MP: 7/12
  2904 | D:4      | Killed from afar by an orc priest

Skill      XL: |  1  2  3  4  5 |
---------------+----------------+-----
Conjurations   | 1 2 |  2.6
Air Magic      | 3 |  3.9
Spellcasting   | 2 3 |  3.0
Maces & Flails | 1 |  1.0
Dodging        | |  1.7
Stealth        | |  1.7

Action                   |  1- 3 |  4- 6 || total
-------------------------+-------+-------++-------
Melee: Mace              |    28 |       ||    28
 Cast: Shock             |    70 |    35 ||   105
  Use: Potion            |     1 |     3 ||     4
       Scroll            |       |     6 ||     6
  Eat: Chunk             |     4 |     2 ||     6
Armor: Robe              |    11 |     3 ||    14
Dodge: Dodged            |    53 |     9 ||    62
